 Dungeon Crawl Stone Soup version 0.31-a0-164-g2312942fda (webtiles) character file.

Game seed: 11241147298855940674

578 Anon1729 the Trooper (level 7, -4/61 HPs)
             Began as a Minotaur Monk on June 13, 2023.
             Slain by a troll (8 damage)
             ... on level 5 of the Dungeon.
             The game lasted 00:03:07 (2812 turns).

Anon1729 the Trooper (Minotaur Monk)                Turns: 2812, Time: 00:03:08

Health: -4/61      AC: 10    Str: 18    XL:     7   Next: 13%
Magic:  8/8        EV: 11    Int: 10    God:
Gold:   126        SH:  0    Dex: 13    Spells: 6/6 levels left

rFire   . . .        a - +1 short sword
rCold   . . .        d - orb {light}
rNeg    . . .        l - +0 scale mail
rPois   .            (helmet restricted)
rElec   .            (no cloak)
rCorr   .            m - +2 pair of gloves
SInv    .            (no boots)
Will    .....        t - amulet of the acrobat Stlth
                     (no ring)
HPRegen 0.30/turn    (no ring)
MPRegen 0.11/turn

%: acrobat
@: glowing
A: horns 2, retaliatory headbutt, clever 1, strong 1
a: no special abilities


You were on level 5 of the Dungeon.
You visited 1 branch of the dungeon, and saw 5 of its levels.
You also visited: Sewer.

You collected 126 gold pieces.

Inventory:

Hand Weapons
 a - a +1 short sword (weapon)
Missiles
 r - a curare-tipped dart
Armour
 b - a +0 robe
 d - an orb of light (worn)
 l - a +0 scale mail (worn)
 m - a +2 pair of gloves (worn)
Jewellery
 t - an amulet of the acrobat (around neck)
 u - a +6 ring of intelligence
Wands
 s - a wand of flame (13)
Scrolls
 e - a scroll of enchant armour
 f - a scroll of amnesia {unknown}
 h - a scroll of teleportation
 k - 2 scrolls of fear
 o - a scroll of vulnerability
 q - 2 scrolls of revelation
 v - a scroll of blinking {unknown}
Potions
 c - a potion of ambrosia
 g - a potion of brilliance
 i - a potion of curing
 j - a potion of heal wounds
 n - a potion of mutation
 p - a potion of enlightenment {unknown}


   Skills:
 + Level 5.4 Fighting
 + Level 5.0 Short Blades
 + Level 3.7 Armour
 + Level 4.9 Dodging
 + Level 3.1 Invocations


You had 6 spell levels left.
You didn't know any spells.
Your spell library contained the following spells:

 Spells                   Type           Power      Damage    Failure   Level
 Apportation              Tloc           0%         N/A       75%         1
 Alistair's Intoxication  Tmut/Pois      0%         N/A       100%        5


Dungeon Overview and Level Annotations

Branches:
Dungeon (5/15)              Sewer (visited)
 Temple: D:4-7

Altars:

Shops:
D:3 [


Innate Abilities, Weirdness & Mutations

You have a pair of horns on your head.
You reflexively headbutt those who attack you in melee.
Your mind is acute. (Int +4, Str/Dex -1)
Your muscles are strong. (Str +4, Int/Dex -1)


Message History

You are too injured to fight recklessly!
You are too injured to fight recklessly!
You are too injured to fight recklessly!
You are too injured to fight recklessly!
You are too injured to fight recklessly!
You are too injured to fight recklessly!
You are too injured to fight recklessly!
You are too injured to fight recklessly!
You are too injured to fight recklessly!
You are too injured to fight recklessly!
You are too injured to fight recklessly!
You are too injured to fight recklessly!
You are too injured to fight recklessly!
You hit the troll but do no damage. The troll bites you but does no damage.
The troll misses you. The troll closely misses you.
You hit the troll. You headbutt the troll.
The troll is lightly wounded.
You hit the troll but do no damage.
The troll is lightly wounded.
The troll bites you. The troll claws you!
* * * LOW HITPOINT WARNING * * *
The troll claws you!
* * * LOW HITPOINT WARNING * * *
You hit the troll but do no damage.
The troll is lightly wounded.
The troll bites you but does no damage. The troll closely misses you.
The troll barely misses you.
You hit the troll. You headbutt the troll!
The troll is moderately wounded.
The troll bites you but does no damage. The troll barely misses you.
The troll claws you.
* * * LOW HITPOINT WARNING * * *
You hit the troll but do no damage. You headbutt the troll!
The troll is heavily wounded.
You hit the troll.
The troll is heavily wounded.
The troll bites you.
* * * LOW HITPOINT WARNING * * *
The troll claws you!
You die...

...♣......# ...
#........## ...
..........# ...
........ #.. #......
#.##.$..# #.....T#
##..@.# #####.....#
##.........# ####
#..........#
##...##..........#
##..~..##.........#
#..~~~..##........#
..~~~~~..#........#
.~~~~~~~...........#


You could see a troll.

Vanquished Creatures
  An ice beast (D:5)
  An ogre (D:3)
  2 kobold brigands (Sewer)
  2 hounds (D:5)
  A sleepcap (D:4)
  An iguana (D:5)
  2 adders
  4 river rats
  5 worms
  4 dart slugs
  6 orcs
  8 ball pythons
  5 bats
  7 endoplasms
  2 giant cockroaches (D:1)
  8 goblins
  5 hobgoblins
  2 jackals (D:3)
  2 quokkas
  2 frilled lizards (D:1)
  6 kobolds
  8 rats
84 creatures vanquished.

Notes
Turn   | Place    | Note
-------+----------+-------------------------------------------
     0 | D:1      | Anon1729 the Minotaur Monk began the quest for the Orb.
     0 | D:1      | Reached XP level 1. HP: 19/19 MP: 0/0
   269 | D:1      | Reached XP level 2. HP: 22/27 MP: 1/1
   495 | D:1      | Reached skill level 1 in Armour
   702 | D:1      | Reached skill level 1 in Invocations
   702 | D:1      | Reached XP level 3. HP: 30/33 MP: 2/2
  1164 | D:3      | Found Neoko's Antique Armour Shop.
  1258 | D:3      | Reached XP level 4. HP: 36/40 MP: 3/3
  1258 | D:3      | Found a glowing drain.
  1268 | Sewer    | Entered a sewer
  1340 | Sewer    | Noticed a kobold brigand
  1365 | Sewer    | Killed a kobold brigand
  1366 | Sewer    | Reached XP level 5. HP: 27/47 MP: 5/5
  1508 | Sewer    | Gained mutation: You are clumsy. (Dex -2) [potion of
                  | mutation]
  1508 | Sewer    | Gained mutation: Your mind is acute. (Int +4, Str/Dex -1)
                  | [potion of mutation]
  1508 | Sewer    | Lost mutation: You are clumsy. (Dex -2) [potion of
                  | mutation]
  1508 | Sewer    | Gained mutation: Your muscles are strong. (Str +4, Int/Dex
                  | -1) [potion of mutation]
  2084 | D:3      | Reached XP level 6. HP: 53/55 MP: 6/6
  2287 | D:3      | Reached skill level 5 in Fighting
  2629 | D:5      | Entered Level 5 of the Dungeon
  2700 | D:5      | Noticed an ice beast
  2713 | D:5      | Killed an ice beast
  2714 | D:5      | Reached skill level 5 in Short Blades
  2714 | D:5      | Reached XP level 7. HP: 61/61 MP: 8/8
  2796 | D:5      | Noticed a troll
  2812 | D:5      | Slain by a troll

Illustrated notes

Levels and vault maps discovered:
D:1:      minmay_arrival_three_doors, layout_basic
D:2:      layout_loops_cross, minmay_misc_feat_secret_circle
D:3:      wad_river_or_something, layout_loops_ring, serial_shops, shop,
          cheibrodos_sewer_entry_sluice
D:4:      layout_basic, chequers_temple_overflow_statue_of_worship,
          minmay_temple_entry_sparse_star
D:5:      layout_layer_cave, nicolae_wu_jian_wuxing_cycle,
          nicolae_ossuary_entry_plus, nicolae_inconvenience_store,
          minmay_crystal_water, nicolae_kite_square_tiling_tiny,
          amcnicky_mini_pool_medium, uniq_eustachio, uniq_prince_ribbit1

Skill      XL: |  1  2  3  4  5  6  7 |
---------------+----------------------+-----
Armour         | 1 2 3 |  3.7
Fighting       | 4 5 |  5.4
Invocations    | 1 2 3 |  3.1
Short Blades   | 4 5 |  5.0
Dodging        | 4 |  4.9

Action                     |  1- 3 |  4- 6 |  7- 9 || total
---------------------------+-------+-------+-------++-------
  Melee: Short sword       |    90 |   184 |    21 ||   295
         Headbutt          |    19 |    33 |     6 ||    58
    Use: Potion            |       |     7 |       ||     7
         Scroll            |       |     6 |       ||     6
 Armour: Robe              |    15 |       |       ||    15
         Scale mail        |    10 |    58 |     8 ||    76
  Dodge: Dodged            |    54 |    87 |    13 ||   154

Table legend: (Time is in decaauts)
 A = Elapsed time spent in this place.
 B = Non-inter-level travel time spent in this place.
 C = Inter-level travel time spent in this place.
 D = Time resting spent in this place.
 E = Time spent auto-exploring this place.
 F = Levels seen in this place.
 G = Mean time per level.
                   A        B        C        D        E       F      G
               +--------+--------+--------+--------+--------+-----+--------+
         Total |   2843 |   2758 |     85 |      9 |   2147 |   6 |  473.8 |
       Dungeon |   2118 |   2033 |     85 |      0 |   1657 |   5 |  423.6 |
         Sewer |    724 |    724 |      0 |      9 |    489 |   1 |  724.0 |
               +--------+--------+--------+--------+--------+-----+--------+

Top non-repeatable levels by time:
     D:3: 834 daAuts
     D:1: 820 daAuts
   Sewer: 724 daAuts
     D:2: 257 daAuts
     D:5: 112 daAuts
     D:4: 93 daAuts
